 Dungeon Crawl Stone Soup version 0.31-a0-818-ge7c7cf74f0 (webtiles) character file.

Game seed: 18011824781076132839

109 LeprechaunX the Changeling (level 4, -1/29 HPs)
             Began as an Octopode Shapeshifter on Sept 22, 2023.
             Slain by a gnoll
             ... wielding a +0 whip
              (7 damage)
             ... on level 3 of the Dungeon.
             The game lasted 00:02:44 (2378 turns).

LeprechaunX the Changeling (Octopode Shapeshifter)  Turns: 2378, Time: 00:02:45

Health: -1/29      AC:  1    Str: 15    XL:     4   Next: 89%
Magic:  4/4        EV: 13    Int: 12    God:
Gold:   145        SH:  0    Dex: 11    Spells: 3/3 levels left

rFire   . .          .
                       - Unarmed
rCold   . . .        (no shield)
rNeg    . . .        (helmet currently unavailable)
rPois   .            (no amulet)
rElec   .            (no ring)
rCorr   .            (no ring)
SInv    .            (no ring)
Will    .....        (no ring)
Stlth   ++           (no ring)
HPRegen 0.24/turn    (no ring)
MPRegen 0.09/turn    (no ring)
                     (no ring)

%: no passive effects
@: lethally poisoned (-1 -> -4), beast-form
A: beast (slay +2), almost no armour, amphibious, 8 rings, camouflage 1,
gelatinous body 1, (nimble swimmer 1), tentacles
a: Begin Untransformation


You were on level 3 of the Dungeon.
You were a hulking beast.
You visited 1 branch of the dungeon, and saw 3 of its levels.

You collected 145 gold pieces.

Inventory:

Hand Weapons
 a - a +0 sling
Missiles
 d - 5 curare-tipped darts
Jewellery
 l - the Hermit's Pendant {Faith Invo=14 Evo=0 MP+5}
   (You found it on level 3 of the Dungeon)

   [amulet of faith]

   Invo=14: It sets your Invocations skill to 14.
   Evo=0: It sets your Evocations skill to 0.
   Faith:     It allows you to gain divine favour quickly.
   MP+5:      It affects your magic capacity (+5).
Talismans
 b - a beast talisman (active)
 c - a flux talisman
Scrolls
 e - a scroll of torment {unknown}
 f - 2 scrolls of teleportation {unknown}
 g - 2 scrolls of identify {unknown}
 k - 2 scrolls of blinking {unknown}
Potions
 h - a potion of cancellation {unknown}
 i - 3 potions of curing {unknown}
 j - a potion of lignification


   Skills:
 + Level 2.0 Fighting
 + Level 0.6 Ranged Weapons
 + Level 2.8 Dodging
 + Level 3.5 Unarmed Combat
 * Level 3.9 Shapeshifting


You had 3 spell levels left.
You didn't know any spells.
Your spell library contained the following spells:

 Spells                   Type           Power      Damage    Failure   Level
 Shock                    Conj/Air       0%         1d3       32%         1
 Swiftness                Air            0%         N/A       69%         3
 Airstrike                Air            0%         2d(0-16)  97%         4


Dungeon Overview and Level Annotations

Branches:
Dungeon (3/15)

Altars:

Annotations:
D:2 1 runed translucent door, Crazy Yiuf


Innate Abilities, Weirdness & Mutations

You are a hulking beast.
Your limbs bulge with bestial killing power. (Slay +2)
You cannot wear most types of armour.
You are amphibious.
You can wear up to eight rings at the same time.
Your skin changes colour to match your surroundings (Stealth+).
Your rubbery body absorbs attacks. (AC +1, EV +1)
((You are camouflaged when in or above water. (Stealth+)))
You have tentacles for arms and can constrict up to eight enemies at once.


Message History

The slug dart hits you.
You tentacle-slap the gnoll. You grab the gnoll. You squeeze the gnoll!
You kill the gnoll!
A gnoll comes into view. It is wielding a +0 whip.
Found 7 gold pieces.
The dart slug bites you.
The gnoll hits you from afar with a +0 spear.
The gnoll moves out of view.
You see here a jackal corpse.
You tentacle-slap the dart slug. You grab the dart slug.
You squeeze the dart slug.
The dart slug is severely wounded.
You constrict the dart slug. The dart slug launches a dart at you.
The slug dart hits you. The gnoll closely misses you.
You tentacle-slap the dart slug.
The dart slug is almost dead.
You constrict the dart slug.
You kill the dart slug!
The gnoll hits you from afar with a +0 spear!
* * * LOW HITPOINT WARNING * * *
You are too injured to fight recklessly!
You are too injured to fight recklessly!
You are too injured to fight recklessly!
You are too injured to fight recklessly!
You are too injured to fight recklessly!
You are too injured to fight recklessly!
You are too injured to fight recklessly!
You are too injured to fight recklessly!
You are too injured to fight recklessly!
You are too injured to fight recklessly!
You are too injured to fight recklessly!
You are too injured to fight recklessly!
You are too injured to fight recklessly!
Unknown command.
The adder misses you. The adder attacks as it pursues you! The adder bites you.
* * * LOW HITPOINT WARNING * * *
You are poisoned.
The adder poisons you! The gnoll hits you with a +0 whip!
You die...

$. ##... # #.....#
#.#.#. #....## .
#.#...#... #.#.......
###ggh......
#######.hS########
.......[### ##
#######.# .. #.# ##
#.# ## #.#######.# .#
#.........#
.#############..#
.........#####..######


You could see 2 gnolls, an adder and a jackal.

Vanquished Creatures
  An iguana (D:3)
  A gnoll (D:3)
  An adder (D:2)
  2 dart slugs
  3 endoplasms (D:2)
  4 giant cockroaches (D:1)
  5 goblins
  9 hobgoblins
  7 jackals
  5 kobolds
  4 quokkas
  3 ball pythons (D:1)
  4 bats
  3 frilled lizards
  A rat (D:1)
53 creatures vanquished.

Notes
Turn   | Place    | Note
-------+----------+-------------------------------------------
     0 | D:1      | LeprechaunX the Octopode Shapeshifter began the quest for
                  | the Orb.
     0 | D:1      | Reached XP level 1. HP: 13/13 MP: 1/1
   187 | D:1      | Reached XP level 2. HP: 11/18 MP: 2/2
   330 | D:1      | Reached XP level 3. HP: 13/23 MP: 3/3
   534 | D:1      | Found a faded altar of an unknown god.
  1537 | D:2      | Reached XP level 4. HP: 29/29 MP: 4/4
  1998 | D:2      | Found a runed translucent door.
  1999 | D:2      | Noticed Crazy Yiuf
  2234 | D:3      | Found a faded altar of an unknown god.
  2234 | D:3      | Found the Hermit's Pendant {Faith Invo=14 Evo=0 MP+5}
  2378 | D:3      | Slain by a gnoll

Illustrated notes

Levels and vault maps discovered:
D:1:      dpeg_arrival_castle, layout_basic, shapermc_ecumenical_altar_ellora
D:2:      layout_basic, uniq_crazy_yiuf_cottage
D:3:      minmay_spotlight, layout_loops_ring, serial_shops,
          nicolae_shop_advertising_works [nicolae_subvault_shop_adworks],
          hellmonk_guarded_unrand_hermit

Skill      XL: |  1  2  3  4 |
---------------+-------------+-----
Fighting       | 2 |  2.0
Ranged Weapons | |  0.6
Dodging        | |  2.8
Unarmed Combat | |  3.5
Shapeshifting  | |  3.9

Action                     |  1- 3 |  4- 6 || total
---------------------------+-------+-------++-------
  Melee: Unarmed           |    75 |    33 ||   108
         Constrict         |    22 |    11 ||    33
         Tentacles         |    14 |     6 ||    20
         Punch             |     2 |     1 ||     3
   Stab: Sleeping          |     9 |     3 ||    12
 Armour: Skin              |    25 |    13 ||    38
  Dodge: Dodged            |    35 |    16 ||    51

Table legend: (Time is in decaauts)
 A = Elapsed time spent in this place.
 B = Non-inter-level travel time spent in this place.
 C = Inter-level travel time spent in this place.
 D = Time resting spent in this place.
 E = Time spent auto-exploring this place.
 F = Levels seen in this place.
 G = Mean time per level.
                   A        B        C        D        E       F      G
               +--------+--------+--------+--------+--------+-----+--------+
         Total |   2371 |   2273 |     98 |      0 |   1960 |   3 |  790.3 |
       Dungeon |   2371 |   2273 |     98 |      0 |   1960 |   3 |  790.3 |
               +--------+--------+--------+--------+--------+-----+--------+

Top non-repeatable levels by time:
     D:1: 1091 daAuts
     D:2: 921 daAuts
     D:3: 358 daAuts
